 Dungeon Crawl Stone Soup version 0.29-a0-334-gb41bcbb86e (webtiles) character file.

Game seed: 3928322700439028416

980 spaghetti the Covered (level 7, -13/51 (53) HPs)
             Began as a Demonspawn Fighter on Apr 13, 2022.
             Was a Follower of Cheibriados.
             Mangled by a red devil
             ... wielding a +0 trident
             ... summoned by a kobold demonologist
              (14 damage)
             ... on level 6 of the Dungeon.
             The game lasted 00:08:13 (7123 turns).

spaghetti the Covered (Demonspawn Fighter)          Turns: 7123, Time: 00:08:13

HP:   -13/51 (53)   AC: 11    Str: 20    XL:     7   Next: 96%
MP:   8/8           EV: 10    Int: 14    God:    Cheibriados [*.....]
Gold: 257           SH:  9    Dex: 14    Spells: 1/6 levels left

rFire   + . .      SeeInvis .   p - +1 dagger (venom) {short}
rCold   . . .      Faith    .   c - +0 buckler
rNeg    + . .      Spirit   .   q - +1 ring mail of the Elven Halls {+Inv rN+ Int+2}
rPois   +          Reflect  +   (no helmet)
rElec   .          Harm     .   u - +0 cloak
rCorr   .          Rampage  .   (no gloves)
Will    .....                   (no boots)
Stlth   +.........              o - amulet of reflection
HPRegen 0.17/turn               n - ring of poison resistance
MPRegen 0.11/turn               i - ring of protection from fire

@: lightly drained, very slow
A: molten scales 1, demonic magic 2, demonic touch 1
a: Renounce Religion, Evoke Invisibility, Bend Time


You were on level 6 of the Dungeon.
You worshipped Cheibriados.
Cheibriados was aware of your devotion.
You visited 2 branches of the dungeon, and saw 7 of its levels.

You collected 257 gold pieces.


Innate Abilities, Weirdness & Mutations

You are partially covered in molten scales. (AC +2)
Spells you cast may paralyse nearby enemies.
Your touch may inflict minor irresistible damage on your foes.


   Skills:
 + Level 3.9 Fighting
 - Level 1.7 Maces & Flails
 - Level 7.4 Armour
 - Level 2.6 Shields
 + Level 1.6 Conjurations
 * Level 2.1 Air Magic
 * Level 2.4 Poison Magic
 + Level 1.4 Invocations


You had one spell level left.
You knew the following spells:

 Your Spells              Type           Power      Damage    Failure   Level
a - Mephitic Cloud        Conj/Pois/Air  5%         N/A       63%         3
b - Poisonous Vapours     Pois/Air       12%        N/A       36%         2

Your spell library contained the following spells:

 Spells                   Type           Power      Damage    Failure   Level
 Corpse Rot               Necr/Air       6%         N/A       52%         2
 Conjure Flame            Conj/Fire      2%         6-21      80%         3
 Ignite Poison            Fire/Tmut/Pois 2%         N/A       80%         3
 Sticky Flame             Conj/Fire      2%         2d3       99%         4
 Freezing Cloud           Conj/Ice/Air   1%         6-21      100%        5

Inventory:

Hand Weapons
 a - a +0 flail {mace}
 p - a +1 dagger of venom (weapon) {short}
   (You took it off a goblin on level 3 of the Dungeon)
Missiles
 e - 138 stones (quivered) {throwing}
 g - 5 poisoned darts {throwing}
 v - a boomerang {throwing}
Armour
 b - a +0 scale mail
 c - a +0 buckler (worn)
 q - the +1 ring mail of the Elven Halls (worn) {+Inv rN+ Int+2}
   (You found it on level 3 of the Dungeon)

   Int:       It affects your intelligence (+2).
   rN:        It protects you from negative energy.
   +Inv:      It lets you turn invisible.
 u - a +0 cloak (worn)
   (You found it on level 5 of the Dungeon)
Jewellery
 d - an amulet of magic regeneration {@e2}
   (You found it on level 1 of the Dungeon)
 i - a ring of protection from fire (right hand)
   (You found it on level 5 of the Dungeon)
 l - a ring of flight
   (You found it on level 2 of the Dungeon)
 m - a ring of protection from fire
   (You found it on level 2 of the Dungeon)
 n - a ring of poison resistance (left hand)
   (You found it on level 2 of the Dungeon)
 o - an amulet of reflection (around neck)
   (You found it on level 4 of the Dungeon)
 z - a ring of protection from cold
   (You found it on level 6 of the Dungeon)
 A - a ring of protection from fire
   (You found it on level 6 of the Dungeon)
Wands
 w - a wand of mindburst (12)
   (You took it off Ijyb on level 5 of the Dungeon)
Scrolls
 f - a scroll of vulnerability {unknown}
 h - 5 scrolls of identify {unknown}
 j - a scroll of enchant armour {unknown}
 k - a scroll of brand weapon {unknown}
 r - 2 scrolls of holy word {unknown}
 s - a scroll of torment {unknown}
 x - a scroll of noise {unknown}
 y - a scroll of teleportation {@r4}
 C - a scroll of immolation {unknown}
Potions
 B - a potion of attraction {unknown}

Dungeon Overview and Level Annotations

Branches:
Dungeon (6/15)             Temple (1/1) D:4

Altars:
Cheibriados
Dithmenos
Fedhas
Kikubaaqudgha
Makhleb
Nemelex Xobeh
Qazlal
Trog
Vehumet
Wu Jian
Xom
Zin
The Shining One

Annotations:
D:2 Natasha

#..################
#..# #..# #..# #..#
#..#######
#.........
#5.5#####. #3@.#
..### #K5.# .....
#.4.# ..### #...#
#...# #...# #....
#....


You could see a soul eater (summoned), a kobold demonologist (extremely
poisoned), a red devil (summoned), an iron imp (summoned), a quasit (summoned)
and a shadow imp (summoned).


Message History

The quasit claws you.
The iron imp summons a swarm of flies.
The iron imp closely misses you.
The soul eater draws from the surrounding life force!
* * * LOW HITPOINT WARNING * * *
You block the shadow imp's attack. The quasit barely misses you.
The quasit closely misses you.
The quasit claws you but does no damage.
The kobold demonologist hits you with a +0 dagger.
* * * LOW HITPOINT WARNING * * *
😨 HP[-8]
You take 8 damage, and now have 19/51 hp.
Unknown command.
Unknown command.
It was a potion of heal wounds.
You feel much better.
The soul eater hits you but does no damage.
The quasit bites you but does no damage.
The quasit claws you but does no damage.
You block the quasit's attack. The iron imp barely misses you.
You block the shadow imp's attack.
The kobold demonologist closely misses you. 😮 HP[+19]
You regained 19 hp, and now have 38/51 hp.
Unknown command.
You hit the kobold demonologist.
The kobold demonologist looks as sick as possible!
The quasit bites you but does no damage.
The quasit claws you but does no damage.
The quasit claws you.
The soul eater draws from the surrounding life force!
You block the shadow imp's attack.
The kobold demonologist hits you but does no damage.
You block the iron imp's attack. 😮 HP[-1]
You take 1 damage, and now have 37/51 hp.
Unknown command.
Unknown command.
You hit the kobold demonologist but do no damage.
The quasit bites you but does no damage.
You block the quasit's attack. x2; The soul eater barely misses you.
The shadow imp gestures at you. Pain shoots through your body!
You block the quasit's attack. The quasit barely misses you.
The quasit claws you but does no damage.
The kobold demonologist hits you with a +0 dagger. 😮 HP[-6]
You take 6 damage, and now have 31/51 hp.
Unknown command.
Unknown command.
You hit the kobold demonologist but do no damage.
The kobold demonologist looks as sick as possible!
The iron imp completely misses you.
The soul eater draws from the surrounding life force!
The quasit bites you but does no damage.
The quasit claws you but does no damage. x2
The shadow imp hits you but does no damage.
The kobold demonologist closely misses you.
Unknown command.
Unknown command.
You closely miss the kobold demonologist.
You block the quasit's attack. x2
The quasit claws you but does no damage.
The soul eater draws from the surrounding life force!
You block the iron imp's attack. The shadow imp barely misses you.
The kobold demonologist casts a spell. 😮 HP[-4]
You take 4 damage, and now have 27/51 hp.
Unknown command.
Unknown command.
You hit the kobold demonologist but do no damage.
The kobold demonologist looks as sick as possible!
The quasit bites you but does no damage.
The quasit claws you. The quasit barely misses you. The soul eater hits you!
* * * LOW HITPOINT WARNING * * *
The iron imp closely misses you. The shadow imp gestures at you.
Pain shoots through your body!
* * * LOW HITPOINT WARNING * * *
The kobold demonologist hits you with a +0 dagger.
* * * LOW HITPOINT WARNING * * *
You block the quasit's attack.
The quasit claws you but does no damage.
You block the quasit's attack.
You block the red devil's attack. 😱 HP[-21]
You take 21 damage, and now have 6/51 hp.
MASSIVE DAMAGE!! (PAUSE) Unknown command.
You barely miss the kobold demonologist.
The soul eater draws from the surrounding life force!
* * * LOW HITPOINT WARNING * * *
You block the quasit's attack.
The quasit claws you but does no damage. x2
The shadow imp puffs mist at you. The shadow imp gestures at you.
You struggle to resist.
The kobold demonologist hits you with a +0 dagger.
* * * LOW HITPOINT WARNING * * *
The iron imp hits you but does no damage.
The red devil hits you from afar with a +0 trident!
You die...

Skill      XL: |  1  2  3  4  5  6  7 |
---------------+----------------------+-----
Armour         | 3 4 5 6 7 |  7.4
Poison Magic   | 2 |  2.4
Air Magic      | 2 |  2.1
Conjurations   | 1 |  1.6
Invocations    | 1 |  1.4
Fighting       | |  3.9
Maces & Flails | |  1.7
Shields        | |  2.6

Action                   |  1- 3 |  4- 6 |  7- 9 || total
-------------------------+-------+-------+-------++-------
Melee: Flail             |   143 |    24 |       ||   167
       Dagger            |       |   125 |    90 ||   215
Throw: Stone             |       |    18 |     5 ||    23
  Use: Potion            |     2 |     1 |     4 ||     7
       Scroll            |     1 |     2 |     1 ||     4
Armor: Scale mail        |    87 |    15 |       ||   102
       Ring mail         |       |    44 |    51 ||    95
Dodge: Dodged            |    74 |    65 |    43 ||   182
Block: Buckler           |    41 |    36 |    46 ||   123

Levels and vault maps discovered:
D:1:      erik_arrival_orb_chamber, layout_basic
D:2:      minmay_chambers_of_twos, layout_loops_corners,
          ebering_ecumenical_altar_sacrificial, columned_hall_lemuel,
          uniq_terence, uniq_natasha
D:3:      layout_loops_ring, guppyfry_early_orc_mine
D:4:      layout_basic, gammafunk_temple_overflow_elements,
          minmay_temple_entry_statues_fountains
D:5:      layout_gridville, uniq_edmund, uniq_ijyb
D:6:      layout_basic, serial_shops, nicolae_shop_statue_plus
Temple:   mainiacjoe_temple_bowtie_tessellation

Notes
Turn   | Place    | Note
-------+----------+-------------------------------------------
     0 | D:1      | spaghetti the Demonspawn Fighter began the quest for the
                  | Orb.
     0 | D:1      | Reached XP level 1. HP: 18/18 MP: 1/1
     0 | D:1      | magus.rc [v1.9.6]
   220 | D:1      | Reached skill level 3 in Armour
   229 | D:1      | HP: 4/18 [constriction (1)]
   235 | D:1      | Gained mutation: You are partially covered in molten
                  | scales. (AC +2) [demonic ancestry]
   235 | D:1      | Reached XP level 2. HP: 3/24 MP: 2/2
   237 | D:1      | HP: 1/24 [jackal (2)]
   525 | D:1      | You add the spells Conjure Flame, Ignite Poison and Sticky
                  | Flame to your library.
  1184 | D:2      | Reached XP level 3. HP: 24/29 MP: 3/3
  1295 | D:2      | You add the spells Mephitic Cloud and Freezing Cloud to
                  | your library.
  1468 | D:2      | Found a faded altar of an unknown god.
  1551 | D:2      | Noticed Natasha
  1553 | D:2      | Reached skill level 4 in Armour
  1565 | D:2      | You are sucked into a shaft and drop 1 floor!
  2016 | D:3      | You pick up a book of Vapours and begin reading...
  2016 | D:3      | You add the spells Poisonous Vapours and Corpse Rot to your
                  | library.
  2346 | D:3      | Gained mutation: Your touch may inflict minor irresistible
                  | damage on your foes. [demonic ancestry]
  2346 | D:3      | Reached XP level 4. HP: 21/35 MP: 4/4
  2351 | D:3      | HP: 7/35 [orc priest/divine providence (9)]
  2912 | D:3      | Identified the +1 ring mail of the Elven Halls {+Inv rN+
                  | Int+2}
  3111 | D:4      | Reached skill level 5 in Armour
  3360 | D:4      | Gained mutation: Spells you cast may paralyse adjacent
                  | enemies. [demonic ancestry]
  3360 | D:4      | Reached XP level 5. HP: 30/41 MP: 5/5
  3719 | D:4      | HP: 7/41 [gnoll/+0 halberd (4)]
  3723 | D:3      | HP: 3/41 [gnoll/+0 club (1)]
  4098 | D:4      | Found a staircase to the Ecumenical Temple.
  4109 | D:4      | Reached skill level 6 in Armour
  4115 | Temple   | Entered the Ecumenical Temple
  4263 | Temple   | Became a worshipper of Cheibriados the Contemplative
  4365 | D:4      | HP: 10/41 [orc/+0 club (1)]
  4370 | D:5      | Entered Level 5 of the Dungeon
  4806 | D:5      | Gained mutation: Spells you cast may paralyse nearby
                  | enemies. [demonic ancestry]
  4806 | D:5      | Reached XP level 6. HP: 45/47 MP: 6/6
  5322 | D:5      | Noticed Edmund
  5336 | D:5      | Killed Edmund
  5337 | D:5      | Reached skill level 7 in Armour
  5342 | D:5      | Reached XP level 7. HP: 20/52 MP: 5/7
  5349 | D:5      | HP: 12/52 [orc priest/divine providence (10)]
  5350 | D:5      | Gained mutation: You have hidden genetic defects. [potion
                  | of mutation]
  5350 | D:5      | Lost mutation: You have hidden genetic defects. [potion of
                  | mutation]
  5641 | D:4      | Learned a level 3 spell: Mephitic Cloud
  5644 | D:4      | Learned a level 2 spell: Poisonous Vapours
  5958 | D:4      | Found an ornate altar of the Wu Jian Council.
  6373 | D:5      | Noticed Ijyb
  6387 | D:5      | Killed Ijyb
  6565 | D:5      | Reached skill level 1 in Poison Magic
  6611 | D:5      | Reached skill level 1 in Air Magic
  6863 | D:6      | Reached * piety under Cheibriados
  6864 | D:6      | Reached skill level 1 in Conjurations
  6864 | D:6      | Gained mutation: You are dopey. (Int -2) [potion of
                  | mutation]
  6864 | D:6      | Lost mutation: You are dopey. (Int -2) [potion of mutation]
  6972 | D:6      | Noticed a hornet
  6981 | D:6      | Killed a hornet
  6982 | D:6      | Reached skill level 2 in Air Magic
  6982 | D:6      | Reached skill level 2 in Poison Magic
  6982 | D:6      | Reached skill level 1 in Invocations
  7107 | D:6      | Noticed a kobold demonologist
  7108 | D:6      | Noticed a soul eater
  7122 | D:6      | Noticed a red devil
  7122 | D:6      | HP: 12/51 [soul eater[a kobold demonologist] (14)]
  7123 | D:6      | HP: 3/51 [soul eater/drain life[a kobold demonologist] (3)]
  7123 | D:6      | HP: 1/51 [kobold demonologist/+0 dagger (2)]
  7123 | D:6      | Mangled by a red devil

Vanquished Creatures
  A hornet (D:6)
  Edmund (D:5)
  An ogre (D:5)
  A scorpion (D:6)
  A howler monkey (D:4)
  2 hounds (D:5)
  4 orc priests
  A gnoll shaman (D:4)
  3 iguanas
  Ijyb (D:5)
  2 gnolls (D:4)
  8 adders
  A dart slug (D:2)
  14 orcs
  5 endoplasms
  5 giant cockroaches
  7 goblins
  7 hobgoblins
  5 jackals
  2 quokkas
  7 ball pythons
  2 bats
  A frilled lizard (D:1)
  5 kobolds
  5 rats
92 creatures vanquished.

Table legend:
 A = Non-vault XP
 B = Vault XP
 C = Vault XP percentage of total XP
 D = Non-vault monster count
 E = Vault monster count
 F = Vault count percentage of total count
                 A         B        C        D         E       F
            +---------+---------+-------+---------+---------+-------
      Total |    1192 |     209 |  14.9 |      83 |       9 |   9.8
            +---------+---------+-------+---------+---------+-------
        D:1 |      26 |       0 |   0.0 |      16 |       0 |   0.0
        D:2 |      29 |       0 |   0.0 |       9 |       0 |   0.0
        D:3 |      83 |      17 |  17.0 |      17 |       7 |  29.2
        D:4 |     299 |       0 |   0.0 |      26 |       0 |   0.0
        D:5 |     374 |     192 |  33.9 |      12 |       2 |  14.3
        D:6 |     381 |       0 |   0.0 |       3 |       0 |   0.0
            +---------+---------+-------+---------+---------+-------

Illustrated notes

Table legend:
 A = Kills in this place as a percentage of kills in entire the game.
 B = Kills by you in this place as a percentage of kills by you in the entire game.
 C = Kills by friends in this place as a percentage of kills by friends in the entire game.
 D = Other kills in this place as a percentage of other kills in the entire game.
 E = Experience gained in this place as a percentage of experience gained in the entire game.
 F = Experience gained in this place divided by the number of levels of this place that you have seen.
                   A       B       C       D       E      F
               +-------+-------+-------+-------+-------+----------------------
         Total | 100.0 | 100.0 |   N/A |   N/A | 100.0 | 200.1
       Dungeon | 100.0 | 100.0 |   N/A |   N/A | 100.0 | 233.5
               +-------+-------+-------+-------+-------+----------------------

Table legend: (Time is in decaauts)
 A = Elapsed time spent in this place.
 B = Non-inter-level travel time spent in this place.
 C = Inter-level travel time spent in this place.
 D = Time resting spent in this place.
 E = Time spent auto-exploring this place.
 F = Levels seen in this place.
 G = Mean time per level.
                   A        B        C        D        E       F      G
               +--------+--------+--------+--------+--------+-----+--------+
         Total |   7650 |   7418 |    232 |   2325 |   4216 |   7 | 1092.9 |
       Dungeon |   7468 |   7269 |    199 |   2325 |   4077 |   6 | 1244.7 |
        Temple |    181 |    148 |     33 |      0 |    139 |   1 |  181.0 |
               +--------+--------+--------+--------+--------+-----+--------+

Top non-repeatable levels by time:
     D:4: 1939 daAuts
     D:3: 1865 daAuts
     D:5: 1535 daAuts
     D:1: 1179 daAuts
     D:6: 530 daAuts
     D:2: 418 daAuts
  Temple: 181 daAuts
